 Dungeon Crawl Stone Soup version 0.27-a0-54-g64bdb92e38 (webtiles) character file.

Game seed: 12030275377130866051

2248 runemasterragnar the Fighter (level 9, -15/88 (102) HPs)
             Began as an Ogre Monk on Jan 8, 2021.
             Was a Priest of Okawaru.
             Killed from afar by Nergalle (35 damage)
             ... with a bolt of negative energy
             ... on level 10 of the Dungeon.
             The game lasted 00:11:46 (10468 turns).

runemasterragnar the Fighter (Ogre Monk)           Turns: 10468, Time: 00:11:47

HP:   -15/88 (102)  AC:  6    Str: 21    XL:     9   Next: 37%
MP:   1/3           EV: 15    Int: 14    God:    Okawaru [***...]
Gold: 490           SH:  0    Dex: 13    Spells: 8/8 levels left

rFire    . . .     SeeInvis +   y - +8 long sword "Brush" {antimagic, rPois Str+4 Dex+2 SInv}
rCold    . . .     Faith    .   (no shield)
rNeg     . . .     Spirit   .   b - +0 robe
rPois    +         Reflect  .   (helmet restricted)
rElec    .         Harm     .   B - +2 cloak {Will+}
rCorr    .         Rampage  .   (gloves unavailable)
Will     +....                  (boots unavailable)
Stlth    +++.......             (no amulet)
HPRegen  0.24/turn              v - ring of wizardry
MPRegen  0.08/turn              (no ring)

@: about to teleport, heroism, hasted, heavily drained, very quick
A: large, unfitting armour, tough skin 1
a: Renounce Religion, Heroism


You were on level 10 of the Dungeon.
You worshipped Okawaru.
Okawaru was most pleased with you.
You visited 2 branches of the dungeon, and saw 9 of its levels.

You collected 490 gold pieces.

Inventory:

Hand Weapons
 a - a +0 mace
 p - a +1 hunting sling of flaming
 w - a +0 whip of flaming
 y - the +8 long sword "Brush" (weapon) {antimagic, rPois Str+4 Dex+2 SInv}
   (You found it on level 5 of the Dungeon)

   It reduces the magical energy of the wielder, and disrupts the spells and
   magical abilities of those hit.
   Natural abilities and divine invocations are not affected.
   It affects your strength (+4).
   It affects your dexterity (+2).
   It protects you from poison.
   It lets you see invisible.
Missiles
 j - 4 silver boomerangs
 l - 5 poisoned darts (quivered)
 n - 3 curare-tipped darts
 q - 35 sling bullets
 t - 4 boomerangs
Armour
 b - a +0 robe (worn)
 B - a +2 cloak of willpower (worn)
Jewellery
 v - a ring of wizardry (left hand)
 F - a cursed amulet of inaccuracy
Wands
 h - a wand of paralysis (10)
 s - a wand of acid (4)
 u - a wand of enslavement (11)
 D - a wand of polymorph (7)
Scrolls
 f - 3 scrolls of remove curse
 g - 2 scrolls of teleportation
 k - 2 scrolls of random uselessness {unknown}
 m - a scroll of fear {unknown}
 o - 5 scrolls of enchant weapon {unknown}
 x - 2 scrolls of fog {unknown}
Potions
 c - 2 potions of curing
 e - 2 potions of flight
 r - a potion of haste
 z - a potion of resistance
 A - a potion of brilliance
 C - 2 potions of magic
 E - a potion of degeneration


   Skills:
 * Level 10.5(15.5) Fighting
 + Level 1.8(8.9) Axes
 - Level 5.0(10.2) Maces & Flails
 + Level 4.8(9.8) Throwing
 + Level 5.5(10.5) Dodging
 - Level 1.4(6.4) Stealth
 + Level 3.4 Invocations


You had 8 spell levels left.
You didn't know any spells.
Your spell library contained the following spells:

 Spells                   Type           Power        Failure   Level
 Corona                   Hex            0%           12%         1
 Ensorcelled Hibernation  Hex/Ice        0%           17%         2
 Confusing Touch          Hex            0%           32%         3
 Dazzling Flash           Conj/Hex       0%           32%         3
 Tukima's Dance           Hex            0%           32%         3


Dungeon Overview and Level Annotations

Branches:
Dungeon (7/15)             Temple (1/1) D:5

Altars:
Ashenzari
Dithmenos
Fedhas
Hepliaklqana
Kikubaaqudgha
Nemelex Xobeh
Okawaru
Qazlal
Sif Muna
Vehumet
Wu Jian
Xom
Zin
The Shining One

Shops:
D:6 (*[?

Annotations:
D:10 Nergalle


Innate Abilities, Weirdness & Mutations

You are too large for most types of armour.
You have tough skin. (AC +1)


Message History

The spectral orc warrior hits you with a +0 flail.
You feel drained. The orc zombie closely misses you.
You hit Nergalle but do no damage.
Nergalle is heavily wounded.
Nergalle hits you with a +5 dagger of freezing.
Nergalle freezes you.
The spectral orc warrior hits you with a +1 vorpal dire flail!
You feel drained.
* * * LOW HITPOINT WARNING * * *
The orc skeleton completely misses you.
You riposte.
You hit the orc skeleton.
The orc skeleton is moderately damaged.
The spectral orc warrior barely misses you.
The spectral orc warrior hits you with a +0 flail!
* * * LOW HITPOINT WARNING * * *
Unknown command.
As you read the scroll labelled JUOKIM JUOK, it crumbles to dust.
You feel strangely unstable.
It was a scroll of teleportation.
Nergalle gestures at you while chanting.
The bolt of negative energy hits you!!
You feel drained.
You die...

.... .... #
.8...
#.####...##
.#...Z...#
.ZZZ.<..+
#oZZ....#
#@ZZ....#
#ZZZ....#
#########


You could see Nergalle, 3 spectral orc warriors, a spectral orc knight
(summoned), 2 goblin zombies, 4 orc zombies and an orc skeleton.

Vanquished Creatures
  Pikel (D:4)
  2 orc warriors (D:7)
  2 necrophages
  2 centaurs (D:6)
  2 bullfrogs (D:6)
  5 wights (D:6)
  A howler monkey (D:7)
  A bullfrog zombie (D:5)
  3 hounds (D:6)
  A quasit (D:7)
  A jelly (D:7)
  4 orc priests
  A bullfrog skeleton (D:4)
  5 orc wizards
  A centaur skeleton (D:4)
  An iguana (D:6)
  3 worker ants
  Terence (D:3)
  A howler monkey zombie (D:3)
  3 gnolls (D:6)
  7 adders
  2 shadow imps
  2 white imps
  3 ufetubi
  3 oozes
  An adder skeleton (D:5)
  A dart slug (D:1)
  A worm (D:2)
  3 leopard geckos
  12 orcs
  5 bats
  7 giant cockroaches
  7 goblins
  10 hobgoblins
  12 jackals
  15 kobolds
  4 quokkas
  2 ball pythons
  4 frilled lizards
  A jackal skeleton (D:4)
  A jackal zombie (D:6)
  A quokka zombie (D:5)
  3 rats
148 creatures vanquished.

Vanquished Creatures (others)
  4 toadstools (D:1)
  3 withered plants (D:5)
7 creatures vanquished.

Grand Total: 155 creatures vanquished

Notes
Turn   | Place    | Note
-------+----------+-------------------------------------------
     0 | D:1      | runemasterragnar the Ogre Monk began the quest for the Orb.
     0 | D:1      | Reached XP level 1. HP: 24/24 MP: 1/1
   105 | D:1      | Reached XP level 2. HP: 5/33 MP: 2/2
   836 | D:1      | Reached XP level 3. HP: 27/41 MP: 3/3
  1507 | D:2      | Reached skill level 5 in Fighting
  2013 | D:2      | Found a hazy altar of Hepliaklqana.
  2013 | D:2      | Found an ornate altar of the Wu Jian Council.
  2337 | D:2      | Reached XP level 4. HP: 50/50 MP: 4/4
  2851 | D:3      | Noticed Terence
  2862 | D:3      | Killed Terence
  2863 | D:3      | Reached skill level 1 in Throwing
  3232 | D:3      | Reached XP level 5. HP: 11/59 MP: 5/5
  4216 | D:3      | Reached skill level 6 in Fighting
  4627 | D:4      | Reached XP level 6. HP: 57/68 MP: 6/6
  5009 | D:4      | Noticed Pikel
  5374 | D:4      | Killed Pikel
  5375 | D:4      | Reached skill level 8 in Fighting
  5375 | D:4      | Reached XP level 7. HP: 26/80 MP: 7/7
  5766 | D:4      | HP: 2/80 [orc wizard/magic dart (8)]
  6418 | D:5      | Entered Level 5 of the Dungeon
  6430 | D:5      | Got an ichor-stained long sword
  6440 | D:5      | Reached XP level 8. HP: 89/89 MP: 8/8
  6459 | D:5      | Found a broken altar of Ashenzari.
  6529 | D:5      | Found a staircase to the Ecumenical Temple.
  6588 | Temple   | Entered the Ecumenical Temple
  6660 | Temple   | Became a worshipper of Warmaster Okawaru
  6660 | Temple   | Reached * piety under Okawaru
  6660 | Temple   | Reached ** piety under Okawaru
  6912 | D:5      | Found an ancient bone altar of Kikubaaqudgha.
  7258 | D:6      | Reached skill level 1 in Invocations
  7330 | D:6      | Reached skill level 9 in Fighting
  7419 | D:6      | Found Waeckode's Weapon Boutique.
  7461 | D:6      | Found Haerphi's General Store.
  7463 | D:6      | Found Ojaff's Armour Boutique.
  7463 | D:6      | Found Roripn's Magic Scroll Boutique.
  8008 | D:6      | Identified the +8 long sword "Brush" {antimagic, rPois
                  | Str+4 Dex+2 SInv} (You found it on level 5 of the Dungeon)
  8101 | D:6      | Reached skill level 5 in Dodging
  8103 | D:6      | Reached skill level 5 in Maces & Flails
  8694 | D:6      | Found a sparkling altar of Nemelex Xobeh.
  8748 | D:6      | Reached XP level 9. HP: 76/100 MP: 3/10
  8759 | D:6      | Reached skill level 10 in Fighting
  9060 | D:6      | Reached skill level 1 in Axes
 10143 | D:7      | Reached *** piety under Okawaru
 10452 | D:7      | You fall into a shaft and drop 3 floors!
 10452 | D:10     | Entered Level 10 of the Dungeon
 10453 | D:10     | Noticed Nergalle
 10468 | D:10     | Killed from afar by Nergalle

Illustrated notes

Levels and vault maps discovered:
D:1:      wheals_arrival_linesprint, layout_rooms, minmay_gold_behind_fungi,
          st_stairs_9, minmay_misc_feat_tower
D:2:      layout_loops_ring, gammafunk_temple_overflow_elements
D:3:      minmay_razor_zed, layout_loops_corners, kennysheep_generic_room_12,
          uniq_terence
D:4:      layout_rooms, uniq_pikel
D:5:      layout_rooms, kiku_gazebo_garden_becter, temple_pool_b,
          nicolae_ashenzari_panopticon
D:6:      layout_layer_cave, minmay_shop_grid_forest, nemelex_spade_bored_becter
D:7:      layout_basic, basic_altar
D:10:     layout_basic, zombieorc2_lemuel, basic_altar, uniq_sonja,
          uniq_nergalle
Temple:   dpeg_five_rooms_temple

Skill      XL: |  1  2  3  4  5  6  7  8  9 |
---------------+----------------------------+-----
Maces & Flails | 3 4 5 |  5.0
Dodging        | 3 4 5 |  5.5
Fighting       | 5 6 8 9 10 | 10.5
Throwing       | 1 3 4 |  4.8
Invocations    | 2 3 |  3.4
Axes           | 1 |  1.8
Stealth        | |  1.4

Action                   |  1- 3 |  4- 6 |  7- 9 || total
-------------------------+-------+-------+-------++-------
Melee: Mace              |   119 |   163 |       ||   282
       Whip              |       |       |    93 ||    93
       Long sword        |       |       |    91 ||    91
 Fire: Hunting sling     |       |    25 |    37 ||    62
Throw: Dart              |       |    27 |    48 ||    75
       Boomerang         |       |     2 |     5 ||     7
Invok: Heroism           |       |       |     1 ||     1
Evoke: Wand              |       |     1 |     1 ||     2
  Use: Potion            |       |       |     4 ||     4
       Scroll            |       |       |     9 ||     9
 Stab: Distracted        |     1 |       |       ||     1
       Sleeping          |     2 |     2 |     3 ||     7
Armor: Robe              |    41 |    50 |    83 ||   174
Dodge: Dodged            |    84 |   106 |   192 ||   382
       Rpst.: Long sword |       |       |    28 ||    28

Table legend: (Time is in decaauts)
 A = Elapsed time spent in this place.
 B = Non-inter-level travel time spent in this place.
 C = Inter-level travel time spent in this place.
 D = Time resting spent in this place.
 E = Time spent auto-exploring this place.
 F = Levels seen in this place.
 G = Mean time per level.
                   A        B        C        D        E       F      G
               +--------+--------+--------+--------+--------+-----+--------+
         Total |  10569 |  10014 |    555 |   2432 |   6194 |   9 | 1174.3 |
       Dungeon |  10444 |   9941 |    503 |   2432 |   6128 |   8 | 1305.5 |
        Temple |    124 |     72 |     52 |      0 |     66 |   1 |  124.0 |
               +--------+--------+--------+--------+--------+-----+--------+

Top non-repeatable levels by time:
     D:3: 2431 daAuts
     D:6: 2183 daAuts
     D:1: 1504 daAuts
     D:4: 1429 daAuts
     D:2: 1127 daAuts
     D:7: 1043 daAuts
     D:5: 704 daAuts
  Temple: 124 daAuts
    D:10: 19 daAuts
